| TOP OF THE 1ST |
|
Washington (APP) Nationals batting - Pitching for Helena Brewers : RHP Junzo Yanagisawa
|
|
Pitching: RHP Junzo Yanagisawa
|
|
|
Batting: LHB Chris Williams
|
0-0: Ball 1-0: Foul Ball, location: 2F 1-1: Swinging Strike 1-2: Foul Ball, location: 2F 1-2: SINGLE (Line Drive, 7S, EV 109.4 MPH)
|
|
Batting: SHB Fernando Fundora
|
0-0: Ball Chris Williams steals 2nd base 1-0: Foul Ball, location: 2F 1-1: SINGLE (Groundball, 34D, EV 96.2 MPH) Chris Williams to third
|
|
Batting: RHB Xavier Reeves
|
0-0: Ball 1-0: Ball 2-0: Swinging Strike 2-1: Swinging Strike 2-2: Strikes out swinging
|
|
Batting: RHB Justin Davenport
|
0-0: Swinging Strike 0-1: Ball 1-1: Foul Ball, location: 2F 1-2: Foul Ball, location: 2F 1-2: Ball 2-2: 3-RUN HOME RUN (Flyball, 78XD, EV 103.8 MPH), Distance : 431 ft
|
|
Batting: RHB Steve Kunselman
|
0-0: Ball 1-0: Ball 2-0: SINGLE (Line Drive, 6D, EV 99.4 MPH)
|
|
Batting: RHB Vasag Semerjian
|
0-0: Foul Ball, location: 2F 0-1: Called Strike 0-2: Ball 1-2: Ball 2-2: Fielders Choice at 2nd, 6-4 (Groundball, 56, EV 90.0 MPH)
|
|
Batting: SHB Nolan Carew
|
0-0: Ball 1-0: Swinging Strike 1-1: Called Strike 1-2: Foul Ball, location: 2F 1-2: Ground out U3 (Groundball, 3S, EV 66.9 MPH)
|
| Top of the 1st over - 3 runs, 4 hits, 0 errors, 1 left on base; Washington (APP) 3 - Helena 0 |
| BOTTOM OF THE 1ST |
|
Helena Brewers batting - Pitching for Washington (APP) Nationals : RHP Nolan Carew
|
|
Pitching: RHP Nolan Carew
|
|
|
Batting: RHB Mohammed bin Ubaida
|
0-0: Ground out 5-3 (Groundball, 5, EV 82.5 MPH)
|
|
Batting: RHB Frank Pena
|
0-0: Called Strike 0-1: Ball 1-1: Ground out 6-3 (Groundball, 6, EV 84.4 MPH)
|
|
Batting: LHB Fumito Sakurai
|
0-0: Ball 1-0: Swinging Strike 1-1: SINGLE (Line Drive, 9S, EV 91.2 MPH)
|
|
Batting: RHB Xiao-shuang Au
|
0-0: Called Strike Fumito Sakurai is caught stealing 2nd base 2-4
|
| Bottom of the 1st over - 0 runs, 1 hit, 0 errors, 0 left on base; Washington (APP) 3 - Helena 0 |
| TOP OF THE 2ND |
|
Washington (APP) Nationals batting - Pitching for Helena Brewers : RHP Junzo Yanagisawa
|
|
Batting: RHB Alex Martinez
|
0-0: Called Strike 0-1: Called Strike 0-2: Fly out, F8 (Flyball, 8LD, EV 102.5 MPH)
|
|
Batting: RHB Franklin Ortega
|
0-0: Called Strike 0-1: Swinging Strike 0-2: Ball 1-2: Foul Ball, location: 2F 1-2: Strikes out looking
|
|
Batting: LHB Chris Williams
|
0-0: Called Strike 0-1: Foul Ball, location: 2F 0-2: Strikes out looking
|
| Top of the 2nd over - 0 runs, 0 hits, 0 errors, 0 left on base; Washington (APP) 3 - Helena 0 |
| BOTTOM OF THE 2ND |
|
Helena Brewers batting - Pitching for Washington (APP) Nationals : RHP Nolan Carew
|
|
Batting: RHB Xiao-shuang Au
|
0-0: Ball 1-0: Called Strike 1-1: Called Strike 1-2: Ball 2-2: Strikes out swinging
|
|
Batting: LHB John Fortin
|
0-0: Called Strike 0-1: Ball 1-1: Called Strike 1-2: Foul Ball, location: 2F 1-2: Ball 2-2: Ball 3-2: TRIPLE (Flyball, 89XD, EV 95.0 MPH)
|
|
Batting: LHB Dusty Bryant
|
0-0: Swinging Strike 0-1: Ball 1-1: Ball 2-1: DOUBLE (Line Drive, 9LS, EV 96.2 MPH) John Fortin scores
|
|
Batting: LHB Alex Chairez
|
0-0: Called Strike Dusty Bryant steals 3rd base 0-1: Ball 1-1: Ball 2-1: DOUBLE (Line Drive, 89M, EV 105.6 MPH) Dusty Bryant scores
|
|
Batting: RHB Justin Marino
|
0-0: Ball 1-0: Ball 2-0: Ball 3-0: Base on Balls
|
|
Batting: RHB Jesus Menjivar
|
0-0: Ball 1-0: Grounds into double play, 5-4-3 (Groundball, 15, EV 86.2 MPH)
|
| Bottom of the 2nd over - 2 runs, 3 hits, 0 errors, 1 left on base; Washington (APP) 3 - Helena 2 |
| TOP OF THE 3RD |
|
Washington (APP) Nationals batting - Pitching for Helena Brewers : RHP Junzo Yanagisawa
|
|
Batting: SHB Fernando Fundora
|
0-0: Called Strike 0-1: Ground out 3-1 (Groundball, 13, EV 93.1 MPH)
|
|
Batting: RHB Xavier Reeves
|
0-0: Called Strike 0-1: Swinging Strike 0-2: Foul Ball, location: 2F 0-2: Ball 1-2: Ball 2-2: DOUBLE (Groundball, 5L, EV 100.0 MPH)
|
|
Batting: RHB Justin Davenport
|
0-0: Ball Xavier Reeves steals 3rd base (no throw) 1-0: Foul Ball, location: 2F 1-1: Ball 2-1: Swinging Strike 2-2: Ball 3-2: Foul Ball, location: 2F 3-2: 2-RUN HOME RUN (Flyball, 7D, EV 99.4 MPH), Distance : 380 ft
|
|
Batting: RHB Steve Kunselman
|
0-0: Swinging Strike 0-1: Ball 1-1: Swinging Strike 1-2: Foul Ball, location: 2F 1-2: Strikes out swinging
|
|
Batting: RHB Vasag Semerjian
|
0-0: Called Strike 0-1: Ball 1-1: Ball 2-1: Foul Ball, location: 2F 2-2: Ball 3-2: Base on Balls
|
|
Batting: SHB Nolan Carew
|
0-0: Called Strike 0-1: Swinging Strike 0-2: Ball 1-2: Foul Ball, location: 2F 1-2: Strikes out swinging
|
| Top of the 3rd over - 2 runs, 2 hits, 0 errors, 1 left on base; Washington (APP) 5 - Helena 2 |
| BOTTOM OF THE 3RD |
|
Helena Brewers batting - Pitching for Washington (APP) Nationals : RHP Nolan Carew
|
|
Batting: RHB Mohammed bin Ubaida
|
0-0: Ball 1-0: Foul Ball, location: 2F 1-1: Ball 2-1: Called Strike 2-2: Ball 3-2: Base on Balls
|
|
Batting: RHB Frank Pena
|
0-0: Ball 1-0: Ball 2-0: Called Strike Mohammed bin Ubaida steals 2nd, throwing error, E2 Mohammed bin Ubaida to third 2-1: Fly out, F7 (Flyball, 7S, EV 83.8 MPH)
|
|
Batting: LHB Fumito Sakurai
|
0-0: Ball 1-0: Ball 2-0: Foul Ball, location: 2F 2-1: Foul Ball, location: 2F 2-2: Strikes out swinging
|
|
Batting: RHB Xiao-shuang Au
|
0-0: Swinging Strike 0-1: Ground out 5-3 (Groundball, 56, EV 86.9 MPH)
|
| Bottom of the 3rd over - 0 runs, 0 hits, 1 error, 1 left on base; Washington (APP) 5 - Helena 2 |
| TOP OF THE 4TH |
|
Washington (APP) Nationals batting - Pitching for Helena Brewers : RHP Junzo Yanagisawa
|
|
Batting: RHB Alex Martinez
|
0-0: Swinging Strike 0-1: Ball 1-1: Foul Ball, location: 2F 1-2: Strikes out swinging
|
|
Batting: RHB Franklin Ortega
|
0-0: Called Strike 0-1: Swinging Strike 0-2: Ball 1-2: Ball 2-2: Ball 3-2: Foul Ball, location: 2F 3-2: Strikes out swinging
|
|
Batting: LHB Chris Williams
|
0-0: Ball 1-0: Ball 2-0: Called Strike 2-1: Swinging Strike 2-2: Strikes out looking
|
| Top of the 4th over - 0 runs, 0 hits, 0 errors, 0 left on base; Washington (APP) 5 - Helena 2 |
| BOTTOM OF THE 4TH |
|
Helena Brewers batting - Pitching for Washington (APP) Nationals : RHP Nolan Carew
|
|
Batting: LHB John Fortin
|
0-0: Called Strike 0-1: Swinging Strike 0-2: Ball 1-2: Strikes out swinging
|
|
Batting: LHB Dusty Bryant
|
0-0: Ball 1-0: Called Strike 1-1: Foul Ball, location: 2F 1-2: Ball 2-2: Ball 3-2: Ground out 5-3 (Groundball, 56, EV 88.1 MPH)
|
|
Batting: LHB Alex Chairez
|
0-0: Ground out 4-3 (Groundball, 34D, EV 109.4 MPH)
|
| Bottom of the 4th over - 0 runs, 0 hits, 0 errors, 0 left on base; Washington (APP) 5 - Helena 2 |
| TOP OF THE 5TH |
|
Washington (APP) Nationals batting - Pitching for Helena Brewers : RHP Junzo Yanagisawa
|
|
Batting: SHB Fernando Fundora
|
0-0: Ball 1-0: Ball 2-0: SINGLE (Line Drive, 56D, EV 103.8 MPH)
|
|
Batting: RHB Xavier Reeves
|
0-0: Called Strike 0-1: Called Strike 0-2: Fly out, F3 (Popup, 34S, EV 77.5 MPH)
|
|
Batting: RHB Justin Davenport
|
0-0: Ball 1-0: Swinging Strike 1-1: Swinging Strike 1-2: Strikes out swinging
|
|
Batting: RHB Steve Kunselman
|
Pickoff Play to 1st, Runner tries for 2nd, OUT after rundown.
|
| Top of the 5th over - 0 runs, 1 hit, 0 errors, 0 left on base; Washington (APP) 5 - Helena 2 |
| BOTTOM OF THE 5TH |
|
Helena Brewers batting - Pitching for Washington (APP) Nationals : RHP Nolan Carew
|
|
Batting: RHB Justin Marino
|
0-0: Ball 1-0: Ball 2-0: Called Strike 2-1: Called Strike 2-2: SINGLE (Groundball, 34D, EV 108.8 MPH)
|
|
Batting: RHB Jesus Menjivar
|
0-0: Grounds into double play, 6-4-3 (Groundball, 6, EV 109.4 MPH)
|
|
Batting: RHB Mohammed bin Ubaida
|
0-0: Ball 1-0: Ball 2-0: Ball 3-0: Base on Balls
|
|
Batting: RHB Frank Pena
|
0-0: Foul Ball, location: 2F 0-1: Ball 1-1: Ball 2-1: Fielders Choice at 2nd, 5-4 (Groundball, 56, EV 88.1 MPH)
|
| Bottom of the 5th over - 0 runs, 1 hit, 0 errors, 1 left on base; Washington (APP) 5 - Helena 2 |
| TOP OF THE 6TH |
|
Washington (APP) Nationals batting - Pitching for Helena Brewers : RHP Junzo Yanagisawa
|
|
Batting: RHB Steve Kunselman
|
0-0: SINGLE (Groundball, 56S, EV 75.6 MPH) (infield hit)
|
|
Batting: RHB Vasag Semerjian
|
0-0: Called Strike 0-1: Foul Ball, location: 2F 0-2: Ball 1-2: Ground out 4-3 (Groundball, 4D, EV 99.4 MPH) Steve Kunselman to second
|
|
Batting: SHB Nolan Carew
|
0-0: Intentional Walk
|
|
Batting: RHB Alex Martinez
|
0-0: Called Strike 0-1: Foul Ball, location: 2F 0-2: Strikes out swinging
|
|
Pitching: LHP Brian Rich
|
|
|
Batting: RHB Franklin Ortega
|
0-0: Swinging Strike 0-1: Ball 1-1: Ball 2-1: Foul Ball, location: 2F 2-2: Ball 3-2: Foul Ball, location: 2F 3-2: Strikes out looking
|
| Top of the 6th over - 0 runs, 1 hit, 0 errors, 2 left on base; Washington (APP) 5 - Helena 2 |
| BOTTOM OF THE 6TH |
|
Helena Brewers batting - Pitching for Washington (APP) Nationals : RHP Nolan Carew
|
|
Pitching: LHP Willie Rivera
|
|
|
Batting: LHB Fumito Sakurai
|
0-0: Foul Ball, location: 2F 0-1: Ball 1-1: Ball 2-1: Ball 3-1: Swinging Strike 3-2: Base on Balls
|
|
Batting: RHB Xiao-shuang Au
|
0-0: Ball 1-0: Ball 2-0: Ball 3-0: Called Strike 3-1: Swinging Strike 3-2: Strikes out swinging
|
|
Batting: LHB John Fortin
|
0-0: Called Strike 0-1: Swinging Strike 0-2: Strikes out looking
|
|
Batting: LHB Dusty Bryant
|
0-0: Called Strike 0-1: Ball 1-1: Foul Ball, location: 2F 1-2: Ball Fumito Sakurai is caught stealing 2nd base 2-6
|
| Bottom of the 6th over - 0 runs, 0 hits, 0 errors, 0 left on base; Washington (APP) 5 - Helena 2 |
| TOP OF THE 7TH |
|
Washington (APP) Nationals batting - Pitching for Helena Brewers : LHP Brian Rich
|
|
Batting: LHB Chris Williams
|
0-0: Ball 1-0: Foul Ball, location: 2F 1-1: Ball 2-1: Called Strike 2-2: Ball 3-2: Foul Ball, location: 2F 3-2: Base on Balls
|
|
Batting: SHB Fernando Fundora
|
0-0: Ball Chris Williams steals 2nd base 1-0: Foul Ball, location: 2F 1-1: Ball 2-1: Called Strike 2-2: Foul Ball, location: 2F 2-2: Strikes out looking
|
|
Batting: RHB Xavier Reeves
|
0-0: Ball 1-0: Ball 2-0: SINGLE (Groundball, 4MD, EV 96.2 MPH) Chris Williams to third Runner from 3rd tries for Home, throw by CF and OUT! 8-2
|
|
Batting: RHB Justin Davenport
|
0-0: Ball Xavier Reeves steals 2nd base 1-0: Intentional Walk
|
|
Batting: RHB Steve Kunselman
|
0-0: Called Strike 0-1: Foul Ball, location: 2F 0-2: Fly out, F8 (Line Drive, 8LM, EV 93.1 MPH)
|
| Top of the 7th over - 0 runs, 1 hit, 0 errors, 2 left on base; Washington (APP) 5 - Helena 2 |
| BOTTOM OF THE 7TH |
|
Helena Brewers batting - Pitching for Washington (APP) Nationals : LHP Willie Rivera
|
|
Now in CF: Justin Van Houten
|
|
|
Now in RF: Chris Williams
|
|
|
Batting: LHB Dusty Bryant
|
0-0: Ball 1-0: Called Strike 1-1: Foul Ball, location: 2F 1-2: Foul Ball, location: 2F 1-2: Fly out, F7 (Flyball, 8LM, EV 89.4 MPH)
|
|
Batting: LHB Alex Chairez
|
0-0: Ball 1-0: Foul Ball, location: 2F 1-1: SINGLE (Line Drive, 9LS, EV 98.1 MPH)
|
|
Pitching: RHP Faradur Bhutani
|
|
|
Pinch Hitting: LHB Danny Bautista
|
0-0: Foul Ball, location: 2F 0-1: Ball 1-1: SINGLE (Line Drive, 6D, EV 95.0 MPH) Alex Chairez to second
|
|
Pinch Hitting: RHB Lorenzo Diaz
|
0-0: Ball Alex Chairez steals 3rd base 1-0: Foul Ball, location: 2F 1-1: Ball Wild Pitch! Alex Chairez scores Danny Bautista to second 2-1: Swinging Strike 2-2: Foul Ball, location: 2F 2-2: SINGLE (Line Drive, 6M, EV 100.0 MPH) Danny Bautista to third
|
|
Batting: RHB Mohammed bin Ubaida
|
0-0: Fly out, F9 (Line Drive, 89S, EV 88.8 MPH)
|
|
Batting: RHB Frank Pena
|
0-0: Foul Ball, location: 2F 0-1: Foul Ball, location: 2F 0-2: Strikes out looking
|
| Bottom of the 7th over - 1 run, 3 hits, 0 errors, 2 left on base; Washington (APP) 5 - Helena 3 |
| TOP OF THE 8TH |
|
Washington (APP) Nationals batting - Pitching for Helena Brewers : LHP Brian Rich
|
|
Now at SS: Lorenzo Diaz
|
|
|
Now in CF: Fumito Sakurai
|
|
|
Now in RF: Steven Donovan
|
|
|
Batting: RHB Vasag Semerjian
|
0-0: Ball 1-0: Foul Ball, location: 2F 1-1: Fly out, F8 (Flyball, 8RD, EV 110.6 MPH)
|
|
Batting: SHB Nolan Carew
|
0-0: Called Strike 0-1: Ball 1-1: Called Strike 1-2: Strikes out swinging
|
|
Batting: RHB Alex Martinez
|
0-0: Ball 1-0: Swinging Strike 1-1: Foul Ball, location: 2F 1-2: Ball 2-2: Foul Ball, location: 2F 2-2: Ball 3-2: SINGLE (Line Drive, 7S, EV 109.4 MPH)
|
|
Batting: RHB Franklin Ortega
|
0-0: Ball 1-0: SINGLE (Groundball, 4MD, EV 106.2 MPH) Alex Martinez to second Runner from 2nd tries for 3rd, SAFE, throw by CF made to third
|
|
Batting: LHB Chris Williams
|
0-0: Ball 1-0: Ball 2-0: Swinging Strike 2-1: Ball 3-1: Called Strike 3-2: Foul Ball, location: 2F 3-2: Strikes out swinging
|
| Top of the 8th over - 0 runs, 2 hits, 0 errors, 2 left on base; Washington (APP) 5 - Helena 3 |
| BOTTOM OF THE 8TH |
|
Helena Brewers batting - Pitching for Washington (APP) Nationals : RHP Faradur Bhutani
|
|
Pitching: RHP Michael Bastian
|
|
|
Batting: LHB Fumito Sakurai
|
0-0: Called Strike 0-1: Ball 1-1: DOUBLE (Line Drive, 7LS, EV 101.2 MPH)
|
|
Batting: RHB Xiao-shuang Au
|
0-0: Ball 1-0: Ball 2-0: Ball 3-0: Base on Balls
|
|
Batting: LHB John Fortin
|
0-0: Ball 1-0: Foul Ball, location: 2F 1-1: Called Strike 1-2: Foul Ball, location: 2F 1-2: Foul Ball, location: 2F 1-2: Ball 2-2: Foul Ball, location: 2F 2-2: DOUBLE (Flyball, 78D, EV 94.4 MPH) Fumito Sakurai scores Xiao-shuang Au to third
|
|
Batting: LHB Dusty Bryant
|
0-0: Ball 1-0: Ball 2-0: Ball 3-0: Called Strike 3-1: Base on Balls
|
|
Batting: LHB Alex Chairez
|
0-0: Ball 1-0: Ball 2-0: Ball 3-0: Called Strike 3-1: Base on Balls Xiao-shuang Au scores John Fortin to third Dusty Bryant to second
|
|
Batting: LHB Steven Donovan
|
0-0: Called Strike 0-1: Ball 1-1: Foul Ball, location: 2F 1-2: Foul Ball, location: 2F 1-2: Strikes out swinging
|
|
Pitching: RHP Cheng-ho Tai
|
|
|
Batting: RHB Lorenzo Diaz
|
0-0: Ball 1-0: Ball Wild Pitch! John Fortin scores Dusty Bryant to third Alex Chairez to second 2-0: Foul Ball, location: 2F 2-1: Foul Ball, location: 2F 2-2: Fly out, F8 (Flyball, 8RD, EV 97.5 MPH) Runner from 3rd tags up, SCORES, throw by CF
|
|
Batting: RHB Mohammed bin Ubaida
|
0-0: Foul Ball, location: 2F 0-1: Ball 1-1: Ball 2-1: Ball 3-1: Base on Balls
|
|
Batting: RHB Frank Pena
|
0-0: Ball 1-0: Called Strike 1-1: Called Strike 1-2: Ball 2-2: Foul Ball, location: 2F 2-2: Strikes out swinging
|
| Bottom of the 8th over - 4 runs, 2 hits, 0 errors, 2 left on base; Washington (APP) 5 - Helena 7 |
| TOP OF THE 9TH |
|
Washington (APP) Nationals batting - Pitching for Helena Brewers : LHP Brian Rich
|
|
Pitching: RHP Alejandro Souto
|
|
|
Batting: RHB Justin Van Houten
|
0-0: Fly out, F7 (Flyball, 7D, EV 95.6 MPH)
|
|
Batting: RHB Xavier Reeves
|
0-0: Called Strike 0-1: Ball 1-1: Called Strike 1-2: Ground out 5-3 (Groundball, 56S, EV 80.0 MPH)
|
|
Batting: RHB Justin Davenport
|
0-0: Called Strike 0-1: Ball 1-1: Ball 2-1: Ball 3-1: Base on Balls
|
|
Batting: RHB Steve Kunselman
|
0-0: Foul Ball, location: 2F 0-1: Ball Pickoff Throw by Catcher to First - Out!
|
| Top of the 9th over - 0 runs, 0 hits, 0 errors, 0 left on base; Washington (APP) 5 - Helena 7 |
|